[Event "Titled Tuesday Blitz June 6 Early 2023"]
[White "Sargissyan, Sargis"]
[Black "Francisco_Ferrari"]
[WhiteFideId "13303210"]
[WhiteElo "2109"]
[BlackElo "2136"]
[Result "1-0"]
[Round "4"]
[TimeControl "180+2"]
[Date "2023.06.06"]
[WhiteClock "0:02:11"]
[BlackClock "0:00:42"]
[Board "193"]

1. e4 e5 2. Nf3 Nc6 3. Bb5 Nf6 4. d3 d6 5. c3 Be7 6. O-O O-O 7. Re1 h6 8. Nbd2 Re8 9. Nf1 Bf8 10. Ng3 a6 11. Bxc6 bxc6 12. d4 Bg4 13. h3 Bc8 14. dxe5 dxe5 15. Qxd8 Rxd8 16. Nxe5 Bb7 17. Bf4 c5 18. Nc4 Re8 19. f3 Rac8 20. Rad1 Bc6 21. Nf5 Bb5 22. Na5 Rcd8 23. Bxc7 Rc8 24. Bf4 Nh5 25. Be3 Rcd8 26. c4 Bd7 27. Nb7 1-0


[Site "https://www.chess.com"]

[Event "Titled Tuesday Blitz June 6 Early 2023"]
[White "campochess"]
[Black "Joshi, Pankaj"]
[BlackFideId "5006210"]
[WhiteElo "2136"]
[BlackElo "2354"]
[Result "1-0"]
[Round "4"]
[TimeControl "180+2"]
[Date "2023.06.06"]
[WhiteClock "0:01:01"]
[BlackClock "0:00:10"]
[Board "194"]

1. d4 c5 2. d5 e5 3. e4 d6 4. Nc3 Be7 5. f4 exf4 6. Bxf4 Bg5 7. Bxg5 Qxg5 8. Nf3 Qe7 9. Be2 Nd7 10. O-O Ngf6 11. Nd2 O-O 12. Qe1 Ne5 13. Qg3 a6 14. a4 Bd7 15. Rf4 b5 16. axb5 axb5 17. Raf1 Ng6 18. R4f2 b4 19. Nd1 Ra1 20. Ne3 Rxf1+ 21. Rxf1 Nxe4 22. Nxe4 Qxe4 23. Bd3 Qe7 24. Nc4 Ne5 25. Re1 Qf6 26. Nxd6 Nxd3 27. cxd3 Qd4+ 28. Kh1 Qxd5 29. Ne4 Bc6 30. Nf6+ Kh8 31. Nxd5 Bxd5 32. Qd6 Re8 33. Rxe8# 1-0


[Site "https://www.chess.com"]

[Event "Titled Tuesday Blitz June 6 Early 2023"]
[White "Korpics, Zsolt"]
[Black "Flis, Pawel"]
[WhiteFideId "705241"]
[BlackFideId "1112864"]
[WhiteElo "2350"]
[BlackElo "1822"]
[Result "1-0"]
[Round "4"]
[TimeControl "180+2"]
[Date "2023.06.06"]
[WhiteClock "0:00:23"]
[BlackClock "0:00:12"]
[Board "195"]

1. e4 c5 2. Nc3 d6 3. f4 Nc6 4. Nf3 g6 5. Bc4 Bg7 6. O-O e6 7. d3 Nge7 8. Qe1 O-O 9. f5 Nd4 10. Nxd4 cxd4 11. f6 Bxf6 12. Rxf6 dxc3 13. Bh6 cxb2 14. Rb1 Re8 15. Qf1 Nf5 16. Bg5 h6 17. Rxg6+ fxg6 18. Bxd8 Ne3 19. Qf6 d5 20. Qxg6+ Kf8 21. Qxh6+ Kg8 22. Qxe3 dxc4 23. Qg5+ Kh7 24. Bf6 Rg8 25. Qh5# 1-0


[Site "https://www.chess.com"]

[Event "Titled Tuesday Blitz June 6 Early 2023"]
[White "Hinds, Nathan"]
[Black "Winkels, Marcel"]
[WhiteFideId "7400730"]
[BlackFideId "1003887"]
[WhiteElo "2001"]
[BlackElo "1900"]
[Result "1/2-1/2"]
[Round "4"]
[TimeControl "180+2"]
[Date "2023.06.06"]
[WhiteClock "0:00:19"]
[BlackClock "0:00:12"]
[Board "196"]

1. d4 Nf6 2. c4 g6 3. Nf3 Bg7 4. g3 c6 5. Bg2 d5 6. O-O O-O 7. b3 a5 8. a4 Ne4 9. Bb2 Na6 10. Nbd2 Bf5 11. Nxe4 Bxe4 12. e3 Nb4 13. Nd2 Bd3 14. Re1 Nc2 15. Nf3 Nxe1 16. Nxe1 Be4 17. f3 Bf5 18. c5 Qc7 19. Qd2 e5 20. Bc3 exd4 21. exd4 Rfe8 22. Nd3 Bxd3 23. Qxd3 b6 24. b4 axb4 25. Bxb4 bxc5 26. Bxc5 Bf8 27. Bxf8 Kxf8 28. Bf1 Reb8 29. Qe3 Qe7 30. Qh6+ Kg8 31. h4 Re8 32. a5 Qb4 33. Qf4 Rxa5 34. Rc1 c5 35. dxc5 Rxc5 36. Qxb4 Rxc1 37. Kg2 Rc2+ 38. Kh3 h5 39. Qd4 Re1 40. Qxd5 Rxf1 41. g4 hxg4+ 42. Kxg4 Rg1+ 43. Kf4 Rh1 44. Ke3 Re1+ 45. Kf4 Rce2 46. Qd8+ Kg7 47. Qd4+ Kg8 48. Qd8+ Re8 49. Qf6 R1e6 50. Qd4 R6e7 51. h5 gxh5 52. Qd5 Re6 53. Qxh5 Rf6+ 54. Kg3 Rg6+ 55. Kf2 Ree6 56. Qd5 Kg7 57. Qd4+ Rgf6 58. Qg4+ Rg6 59. Qh5 Ref6 60. Qe5 Kh6 61. Qe3+ Kg7 62. Qd4 Rg5 63. Qd8 Rgf5 64. Kg2 Rxf3 65. Qd4 Rf2+ 66. Qxf2 Rxf2+ 67. Kxf2 Kf6 68. Kg3 Kf5 69. Kf3 Ke5 70. Ke3 f5 71. Kf3 Kf6 72. Kf4 Kg6 73. Kf3 Kg5 74. Kg3 f4+ 75. Kf3 Kf5 76. Kf2 Ke4 77. Ke2 Kf5 78. Kf3 Kg5 79. Kf2 Kg4 80. Kg2 f3+ 81. Kf2 Kf4 82. Kf1 Ke3 83. Ke1 f2+ 84. Kf1 Kf3 1/2-1/2


[Site "https://www.chess.com"]

[Event "Titled Tuesday Blitz June 6 Early 2023"]
[White "Lisjak, Zlatko"]
[Black "Pg, Mohd Omar Ak Hira"]
[WhiteFideId "14502186"]
[BlackFideId "10500103"]
[WhiteElo "1998"]
[BlackElo "2167"]
[Result "0-1"]
[Round "4"]
[TimeControl "180+2"]
[Date "2023.06.06"]
[WhiteClock "0:00:02"]
[BlackClock "0:00:38"]
[Board "197"]

1. d4 Nf6 2. Nc3 d5 3. Bf4 Nh5 4. Bg5 h6 5. Bc1 Nf6 6. Nf3 Bf5 7. Bf4 e6 8. e3 Bb4 9. Bd3 Be4 10. O-O Bxc3 11. bxc3 O-O 12. Rb1 b6 13. c4 dxc4 14. Bxc4 Nbd7 15. Ne5 Nxe5 16. Bxe5 Nd7 17. Bg3 Rc8 18. f3 Ba8 19. e4 Qf6 20. Kh1 Qg6 21. Qe2 Nf6 22. Ba6 Rcd8 23. c3 Rd7 24. Bd3 Nh5 25. Bh4 Nf4 26. Qd2 Nxd3 27. Qxd3 e5 28. d5 Rxd5 29. Qe3 Rd7 30. Rb5 c5 31. h3 Bc6 32. Rb2 f6 33. Rd2 Rfd8 34. Rxd7 Rxd7 35. Qe2 Qf7 36. g4 Kh7 37. Bg3 Qe6 38. h4 Qd6 39. f4 Qd3 40. Qxd3 Rxd3 41. Kh2 exf4 42. Rxf4 Rxc3 43. g5 hxg5 44. hxg5 fxg5 45. Rf7 Rc2+ 46. Kh3 Bxe4 47. Be5 Kg6 48. Rxa7 Kf5 0-1


[Site "https://www.chess.com"]

[Event "Titled Tuesday Blitz June 6 Early 2023"]
[White "Kuzmin, Ilya"]
[Black "Maluco_do_Natal_00"]
[WhiteFideId "4153863"]
[WhiteElo "2093"]
[BlackElo "2067"]
[Result "1-0"]
[Round "4"]
[TimeControl "180+2"]
[Date "2023.06.06"]
[WhiteClock "0:01:01"]
[BlackClock "0:00:05"]
[Board "198"]

1. d4 d5 2. c4 c6 3. Nc3 Nf6 4. e3 g6 5. cxd5 cxd5 6. Nf3 Nc6 7. Ne5 e6 8. Nxc6 bxc6 9. Bd3 Bd6 10. Na4 O-O 11. O-O e5 12. Bd2 e4 13. Be2 a5 14. Rc1 Bd7 15. Nc5 Qc7 16. h3 Rfb8 17. b3 Bc8 18. Qc2 Rb6 19. Na4 Rbb8 20. Qxc6 Qxc6 21. Rxc6 Be7 22. Nb6 Bd7 23. Rxf6 Bxf6 24. Nxd7 Rc8 25. Nxf6+ Kg7 26. Nxd5 Rc2 27. Rd1 Rxa2 28. Bc4 Rc8 29. Nc3 Rb2 30. Nxe4 a4 31. Bc3 Rc2 32. Rd2 Rc1+ 33. Kh2 f5 34. Nc5 Rxc3 35. Nxa4 R8xc4 36. bxc4 Rxc4 37. Nc5 1-0


[Site "https://www.chess.com"]

[Event "Titled Tuesday Blitz June 6 Early 2023"]
[White "Blackwhite017"]
[Black "Martin, Lewis"]
[BlackFideId "410551"]
[WhiteElo "2080"]
[BlackElo "2145"]
[Result "0-1"]
[Round "4"]
[TimeControl "180+2"]
[Date "2023.06.06"]
[WhiteClock "0:00:01"]
[BlackClock "0:00:45"]
[Board "199"]

1. e4 c5 2. Nf3 d6 3. d4 cxd4 4. Nxd4 Nf6 5. Nc3 a6 6. Bg5 e6 7. f4 b5 8. Qf3 Bb7 9. Bd3 Nbd7 10. O-O-O Be7 11. g4 Rc8 12. Nce2 Qb6 13. Kb1 O-O 14. h4 Rfd8 15. h5 Nc5 16. Bxf6 Bxf6 17. g5 Be7 18. g6 Bf6 19. gxf7+ Kxf7 20. Qg4 Re8 21. e5 Bxh1 22. exf6 gxf6 23. Bxh7 Rg8 24. Bg6+ Ke7 25. Rxh1 d5 26. Re1 Ne4 27. Qf3 Nd2+ 28. Kc1 Nxf3 29. Nxf3 Qe3+ 30. Nd2 Kd6 0-1


[Site "https://www.chess.com"]

[Event "Titled Tuesday Blitz June 6 Early 2023"]
[White "Torres Dominguez, David"]
[Black "Svicevic, Rastko"]
[WhiteFideId "2220857"]
[BlackFideId "916315"]
[WhiteElo "1999"]
[BlackElo "2123"]
[Result "1-0"]
[Round "4"]
[TimeControl "180+2"]
[Date "2023.06.06"]
[WhiteClock "0:00:14"]
[BlackClock "0:00:01"]
[Board "200"]

1. e4 c6 2. Nf3 d5 3. d3 Bg4 4. Be2 e6 5. Nfd2 Bxe2 6. Qxe2 Nd7 7. O-O g6 8. Nf3 Bg7 9. Nbd2 Ne7 10. d4 dxe4 11. Nxe4 Nf5 12. c3 O-O 13. Bg5 Qb6 14. Rab1 h6 15. Bf4 g5 16. Bxg5 hxg5 17. Nfxg5 Nf6 18. Rbe1 Nxe4 19. Qxe4 Bf6 20. Qg4 Ng7 21. Re3 Bxg5 22. Qxg5 f6 23. Qg6 Rf7 24. Rxe6 Qb5 25. f4 Qf5 26. Qxf5 Nxf5 27. Rfe1 Kf8 28. g4 Ne7 29. Kf2 Nd5 30. Kf3 Kg7 31. h4 Rh8 32. h5 f5 33. h6+ Rxh6 34. Rxh6 Kxh6 35. g5+ Kg7 36. Re5 Rf8 37. c4 Nb4 38. a3 Nd3 39. Re7+ Rf7 40. Rxf7+ Kxf7 41. b4 Ne1+ 42. Ke3 Nc2+ 43. Kd3 Nxa3 44. Kc3 b5 45. d5 Nxc4 46. dxc6 Nd6 47. c7 Ke7 48. Kd4 Kd7 49. g6 Ne8 50. Ke5 Kxc7 51. Kxf5 a5 52. bxa5 b4 53. a6 b3 54. a7 Kb7 55. Ke6 Kxa7 56. Ke7 b2 57. Kxe8 b1=Q 58. g7 Qe4+ 59. Kf7 Qxf4+ 60. Kg6 Qg4+ 61. Kh7 Qh5+ 62. Kg8 Kb7 63. Kf8 Qf5+ 64. Ke7 Qg6 65. Kf8 Qf6+ 66. Kg8 Kc7 67. Kh7 Qh4+ 68. Kg6 Qg4+ 69. Kf7 Qf5+ 70. Ke7 Qg6 71. Kf8 Qf6+ 72. Kg8 Kd7 73. Kh7 Qf7 74. Kh8 Qh5+ 75. Kg8 Ke6 76. Kf8 Qf5+ 77. Kg8 Qg6 78. Kh8 Qh6+ 79. Kg8 1-0


[Site "https://www.chess.com"]

[Event "Titled Tuesday Blitz June 6 Early 2023"]
[White "Alexanian, Nelli"]
[Black "Vera Gonzalez-Quevedo, Reynaldo"]
[WhiteFideId "4170539"]
[BlackFideId "3500055"]
[WhiteElo "2044"]
[BlackElo "2461"]
[Result "0-1"]
[Round "4"]
[TimeControl "180+2"]
[Date "2023.06.06"]
[WhiteClock "0:00:06"]
[BlackClock "0:00:58"]
[Board "201"]

1. d4 Nf6 2. c4 c5 3. d5 e6 4. Nc3 exd5 5. cxd5 d6 6. e4 g6 7. Bg5 Bg7 8. Nf3 O-O 9. Nd2 Nbd7 10. Be2 h6 11. Bf4 Ne8 12. O-O Ne5 13. Nc4 Nxc4 14. Bxc4 a6 15. a4 f5 16. exf5 Bxf5 17. Qd2 g5 18. Bg3 Nf6 19. Rfe1 Nh5 20. Re2 Nxg3 21. hxg3 Bd4 22. Kh1 Qf6 23. Rae1 Qg6 24. Nd1 Bg4 25. Re7 Rf6 26. Ne3 Qh5+ 27. Kg1 Raf8 28. Nxg4 Qxg4 29. R1e2 Rxf2 30. Rxf2 Qxg3 0-1


[Site "https://www.chess.com"]

[Event "Titled Tuesday Blitz June 6 Early 2023"]
[White "Chess_maylovsky"]
[Black "Sailer, Mike"]
[BlackFideId "2012901"]
[WhiteElo "1982"]
[BlackElo "2109"]
[Result "0-1"]
[Round "4"]
[TimeControl "180+2"]
[Date "2023.06.06"]
[WhiteClock "0:00:22"]
[BlackClock "0:00:13"]
[Board "202"]

1. c4 c6 2. d4 d5 3. Nc3 Nf6 4. Nf3 a6 5. c5 g6 6. Bf4 Bg7 7. b4 O-O 8. a3 Bf5 9. h3 Re8 10. e3 Nbd7 11. Bd3 Bxd3 12. Qxd3 Nh5 13. Bh2 e5 14. dxe5 Nxe5 15. Nxe5 Bxe5 16. Bxe5 Rxe5 17. O-O f5 18. Ne2 Qe7 19. Nf4 Nxf4 20. exf4 Re4 21. Qd2 Re8 22. Ra2 Qh4 23. f3 Re3 24. Qf2 Qxf4 25. Rd1 Qe5 26. Rad2 Re1+ 27. Rxe1 Qxe1+ 28. Qxe1 Rxe1+ 29. Kf2 Ra1 30. Rd3 Kf7 31. Kg3 Ra2 32. Kf4 Rxg2 33. Re3 Kf6 34. h4 h6 35. Re8 g5+ 36. hxg5+ hxg5+ 37. Ke3 f4+ 38. Kd3 Ra2 39. Rf8+ Kg7 40. Rb8 Rxa3+ 41. Ke2 Re3+ 42. Kf2 Re7 43. Rd8 Kf6 44. Rf8+ Rf7 45. Rg8 Kf5 46. Re8 g4 47. fxg4+ Kxg4 48. Rg8+ Kf5 49. Kf3 Ke5 50. Re8+ Kd4 51. Re1 Kc4 52. Rb1 d4 53. Ke4 f3 54. Rc1+ Kxb4 55. Kxd4 f2 56. Rb1+ Ka4 57. Rf1 a5 58. Kc4 Ka3 59. Kc3 Ka2 60. Kc2 a4 61. Kd3 a3 62. Kc2 Rf5 63. Kd3 Kb3 64. Rb1+ Ka4 65. Rf1 a2 66. Kd4 Kb3 67. Kd3 Kb2 68. Ke4 Rf8 69. Kd3 a1=Q 70. Rxf2+ Rxf2 71. Ke4 Qe1+ 72. Kd3 Rd2+ 73. Kc4 Qe4# 0-1


[Site "https://www.chess.com"]

[Event "Titled Tuesday Blitz June 6 Early 2023"]
[White "Porat, Tori"]
[Black "le-castor-faineant"]
[WhiteFideId "30982626"]
[WhiteElo "1752"]
[BlackElo "2227"]
[Result "0-1"]
[Round "4"]
[TimeControl "180+2"]
[Date "2023.06.06"]
[WhiteClock "0:00:18"]
[BlackClock "0:00:12"]
[Board "203"]

1. d4 Nf6 2. c4 g6 3. Nf3 Bg7 4. Nc3 O-O 5. Bg5 d6 6. e3 Nbd7 7. Be2 e5 8. d5 h6 9. Bh4 a5 10. e4 Nc5 11. Qc2 Bd7 12. O-O Qc8 13. a3 a4 14. Nd2 Nfxe4 15. Ncxe4 Nxe4 16. Qxe4 f5 17. Qc2 g5 18. Bg3 f4 19. Qg6 Bf5 20. Qh5 fxg3 21. hxg3 Qe8 22. Qh2 Qg6 23. Bh5 Qh7 24. Rac1 Bd3 25. Rfe1 e4 26. b4 axb3 27. Nxb3 Rxa3 28. Nd2 Bd4 29. Kh1 Bxf2 30. Red1 e3 31. Nf3 e2 32. Rd2 Be3 33. Qh3 Bxd2 34. Nxd2 Bf5 35. g4 Rxh3+ 36. gxh3 Be4+ 37. Kh2 Rf2+ 38. Kg3 Rg2# 0-1


[Site "https://www.chess.com"]

[Event "Titled Tuesday Blitz June 6 Early 2023"]
[White "mohsengabr2002"]
[Black "White, John S."]
[BlackFideId "2502348"]
[WhiteElo "2227"]
[BlackElo "1975"]
[Result "1-0"]
[Round "4"]
[TimeControl "180+2"]
[Date "2023.06.06"]
[WhiteClock "0:01:13"]
[BlackClock "0:00:13"]
[Board "204"]

1. e4 e6 2. d3 d5 3. Nd2 Nf6 4. g3 dxe4 5. dxe4 Nc6 6. Ngf3 Bc5 7. Bg2 O-O 8. O-O Nd4 9. Nxd4 Qxd4 10. c3 Qd3 11. Nb3 Qxd1 12. Rxd1 Bb6 13. h3 e5 14. Kf1 Be6 15. f4 Bc4+ 16. Ke1 exf4 17. Bxf4 Rfe8 18. e5 Nh5 19. Bxb7 Rab8 20. Bf3 Nxf4 21. gxf4 f6 22. Bd5+ Bxd5 23. Rxd5 fxe5 24. fxe5 Re7 25. Nd4 Rbe8 26. Nf3 Rf8 27. Ke2 Rf4 28. Rad1 Re4+ 29. Kf1 Re3 30. R1d3 Rxd3 31. Rxd3 Rf7 32. Ke2 h6 33. b4 Kh7 34. a4 a6 35. a5 Ba7 36. Rd5 Re7 37. Kd3 Kg6 38. Ke4 Kh5 39. c4 g5 40. c5 g4 41. hxg4+ Kxg4 42. Nd4 Rf7 43. e6 Rf4+ 44. Kd3 Rf1 45. Re5 Rf8 46. e7 Re8 47. Nc6 Bb8 48. Nxb8 Rxb8 49. e8=Q Rxe8 50. Rxe8 h5 51. Re7 h4 52. Rxc7 h3 53. Rg7+ Kf3 54. c6 h2 55. Rh7 Kg2 56. Rxh2+ Kxh2 57. c7 1-0


[Site "https://www.chess.com"]

[Event "Titled Tuesday Blitz June 6 Early 2023"]
[White "Samaganova, Aleksandra"]
[Black "Lohani, Sujana"]
[WhiteFideId "13800221"]
[BlackFideId "12311987"]
[WhiteElo "1858"]
[BlackElo "1718"]
[Result "1-0"]
[Round "4"]
[TimeControl "180+2"]
[Date "2023.06.06"]
[WhiteClock "0:00:19"]
[BlackClock "0:00:01"]
[Board "205"]

1. c4 g6 2. Nc3 Bg7 3. g3 d6 4. Bg2 Nf6 5. e3 O-O 6. Nge2 e5 7. O-O c6 8. d4 Qe7 9. Rb1 Re8 10. b4 exd4 11. exd4 Bf5 12. Rb2 Ne4 13. h3 Qe6 14. g4 Nxc3 15. Nxc3 Bxg4 16. hxg4 Qxc4 17. Ne4 Qe6 18. Be3 Nd7 19. b5 d5 20. Ng5 Qf6 21. bxc6 bxc6 22. Rb7 Red8 23. Nf3 Nf8 24. Bg5 Qe6 25. Bxd8 Rxd8 26. Ng5 Qc8 27. Rxa7 1-0


[Site "https://www.chess.com"]

[Event "Titled Tuesday Blitz June 6 Early 2023"]
[White "Skiadopoulos, Nikolaos"]
[Black "Escudero Donoso, Felipe"]
[WhiteFideId "4200772"]
[BlackFideId "3410595"]
[WhiteElo "2022"]
[BlackElo "2184"]
[Result "0-1"]
[Round "4"]
[TimeControl "180+2"]
[Date "2023.06.06"]
[WhiteClock "0:00:22"]
[BlackClock "0:00:15"]
[Board "206"]

1. e4 c6 2. d4 d5 3. e5 Bf5 4. Ne2 h6 5. Nf4 e6 6. g4 Bh7 7. h4 Be7 8. h5 Bg5 9. Bd3 Bxd3 10. Qxd3 Ne7 11. Nc3 Qb6 12. Be3 Qa6 13. O-O-O b5 14. a3 Qb7 15. Nfxd5 Nxd5 16. Nxd5 cxd5 17. f4 Be7 18. f5 Kd7 19. fxe6+ fxe6 20. Qg6 Rg8 21. Rhf1 Nc6 22. Rf7 Raf8 23. Rdf1 b4 24. Rxf8 Rxf8 25. Rxf8 Bxf8 26. axb4 Qxb4 27. c3 Qe7 28. Qd3 Kc7 29. c4 Nb4 30. Qb3 dxc4 31. Qxc4+ Kd8 32. Bd2 Qc7 33. b3 Qxc4+ 34. bxc4 Nd3+ 35. Kc2 Nf2 36. g5 Ne4 37. gxh6 gxh6 38. Ba5+ Kd7 39. Kd3 Ng3 40. d5 Nxh5 41. Kd4 Nf4 42. Bd2 Ng6 43. c5 exd5 44. Kxd5 Ne7+ 45. Kc4 Ke6 46. Kb5 Kxe5 47. Ka6 Nc6 48. Kb7 Kd5 0-1


[Site "https://www.chess.com"]

[Event "Titled Tuesday Blitz June 6 Early 2023"]
[White "Henriquez Villagra, Cristobal"]
[Black "Nihal Sarin"]
[WhiteFideId "3409350"]
[BlackFideId "25092340"]
[WhiteElo "2542"]
[BlackElo "2689"]
[Result "0-1"]
[Round "5"]
[TimeControl "180+2"]
[Date "2023.06.06"]
[WhiteClock "0:00:28"]
[BlackClock "0:00:58"]
[Board "1"]

1. c4 e5 2. d3 Nf6 3. Nf3 Nc6 4. Nc3 Bb4 5. e4 d6 6. Be2 Bg4 7. O-O O-O 8. a3 Bc5 9. b4 Bxf3 10. Bxf3 Bd4 11. Bd2 a5 12. Rb1 axb4 13. axb4 Bb6 14. Bg5 h6 15. Bxf6 Qxf6 16. Nd5 Qd8 17. c5 dxc5 18. bxc5 Bxc5 19. Rxb7 Bb6 20. Bg4 Ra6 21. Nxb6 Rxb6 22. Rxb6 cxb6 23. Qb3 Nd4 24. Qc4 Qg5 25. Bh3 Nf3+ 0-1


[Site "https://www.chess.com"]

[Event "Titled Tuesday Blitz June 6 Early 2023"]
[White "Naroditsky, Daniel"]
[Black "Babazada, Khazar"]
[WhiteFideId "2026961"]
[BlackFideId "13413554"]
[WhiteElo "2632"]
[BlackElo "2369"]
[Result "1-0"]
[Round "5"]
[TimeControl "180+2"]
[Date "2023.06.06"]
[WhiteClock "0:01:16"]
[BlackClock "0:00:41"]
[Board "2"]

1. e4 Nf6 2. e5 Nd5 3. c4 Nb6 4. d4 d6 5. Nf3 g6 6. Nc3 Bg7 7. Bf4 O-O 8. Qd2 Bg4 9. Qe3 Nc6 10. O-O-O d5 11. c5 Nc4 12. Bxc4 dxc4 13. Qe2 Na5 14. d5 Bf5 15. Qe3 b6 16. c6 Qc8 17. Bh6 Rd8 18. Bxg7 Kxg7 19. Nd4 Bd3 20. h4 Qg4 21. f3 Qc8 22. h5 gxh5 23. e6 Bg6 24. exf7 Kxf7 25. Ne6 Rd6 26. g4 Nxc6 27. Ng5+ Kg8 28. dxc6 1-0


[Site "https://www.chess.com"]

[Event "Titled Tuesday Blitz June 6 Early 2023"]
[White "Martinez Alcantara, Jose Eduardo"]
[Black "Aravindh, Chithambaram VR."]
[WhiteFideId "3805662"]
[BlackFideId "5072786"]
[WhiteElo "2711"]
[BlackElo "2596"]
[Result "1-0"]
[Round "5"]
[TimeControl "180+2"]
[Date "2023.06.06"]
[WhiteClock "0:01:09"]
[BlackClock "0:00:01"]
[Board "3"]

1. e4 g6 2. d4 Bg7 3. c3 d6 4. Bd3 Nf6 5. Nf3 O-O 6. h3 c6 7. O-O Qc7 8. Bf4 Nbd7 9. Nbd2 e5 10. Bh2 Re8 11. a4 b6 12. Re1 a6 13. Qc2 Rb8 14. b4 b5 15. c4 bxa4 16. Rxa4 Nh5 17. dxe5 Nxe5 18. Bxe5 dxe5 19. c5 Nf4 20. Bf1 Be6 21. Nc4 Bxc4 22. Bxc4 h6 23. Rb1 Kh8 24. Rxa6 Red8 25. Qa4 Qe7 26. Rxc6 f5 27. Qc2 fxe4 28. Qxe4 Rd7 29. g3 Nxh3+ 30. Kg2 Ng5 31. Nxg5 Qxg5 32. Rxg6 Rd4 33. Qxd4 Qxg6 34. Bd3 exd4 35. Bxg6 Bf8 36. c6 Bd6 37. b5 Bc7 38. Bd3 Kg7 39. Re1 Kf6 40. Rh1 Kg7 41. Rh4 Rd8 42. Rg4+ Kf7 43. Re4 Bb6 44. Re1 Ra8 45. Bc4+ Kf6 46. Re6+ Kf5 47. Re7 Ra3 48. Rb7 Rc3 49. Rxb6 Rxc4 50. Rb7 d3 51. Rd7 Ke4 52. c7 d2 53. b6 Rd4 54. Rxd4+ 1-0


[Site "https://www.chess.com"]

[Event "Titled Tuesday Blitz June 6 Early 2023"]
[White "Samadov, Read"]
[Black "Duda, Jan-Krzysztof"]
[WhiteFideId "13417444"]
[BlackFideId "1170546"]
[WhiteElo "2355"]
[BlackElo "2783"]
[Result "0-1"]
[Round "5"]
[TimeControl "180+2"]
[Date "2023.06.06"]
[WhiteClock "0:00:21"]
[BlackClock "0:01:06"]
[Board "4"]

1. c4 e5 2. Nc3 Bb4 3. Nd5 Be7 4. d4 d6 5. Nf3 Nd7 6. e4 Ngf6 7. Bd3 O-O 8. O-O exd4 9. Nxd4 Ne5 10. Nxe7+ Qxe7 11. Re1 h6 12. b3 c5 13. Nb5 Bg4 14. f3 Bd7 15. Nc3 a6 16. Bb2 Rfe8 17. Qd2 Rab8 18. Rad1 b5 19. cxb5 axb5 20. Bf1 b4 21. Nd5 Nxd5 22. Qxd5 Rb6 23. Qd2 f6 24. f4 Nf7 25. Bc4 Be6 26. Bd5 Qd7 27. h3 Ra6 28. Ba1 Bxd5 29. exd5 Rea8 30. Qd3 Rxa2 31. Re6 Rxa1 0-1


[Site "https://www.chess.com"]

[Event "Titled Tuesday Blitz June 6 Early 2023"]
[White "Sanal, Vahap"]
[Black "Paravyan, David"]
[WhiteFideId "6300545"]
[BlackFideId "4194985"]
[WhiteElo "2606"]
[BlackElo "2563"]
[Result "1-0"]
[Round "5"]
[TimeControl "180+2"]
[Date "2023.06.06"]
[WhiteClock "0:00:16"]
[BlackClock "0:00:01"]
[Board "5"]

1. e4 e5 2. Nc3 Nf6 3. Bc4 Bc5 4. d3 c6 5. Nf3 d6 6. O-O O-O 7. a4 a5 8. h3 h6 9. Re1 Re8 10. Ba2 Be6 11. Bxe6 Rxe6 12. d4 exd4 13. Nxd4 Re8 14. Nf5 Na6 15. Qf3 Kh7 16. Qg3 Rg8 17. Be3 Bb4 18. Bd4 Nc7 19. Rad1 Ne6 20. e5 Nh5 21. Qf3 Qg5 22. Be3 Nhf4 23. Nxd6 Bxc3 24. bxc3 Qxe5 25. Nxf7 Qf6 26. Rd7 Raf8 27. Qe4+ Ng6 28. Nxh6 Rh8 29. Ng4 Qf5 30. Qxf5 Rxf5 31. Rxb7 Rd8 32. Bh6 Ngf8 33. Be3 Kg8 34. Ra7 Rfd5 35. Kh2 Rd1 36. Rxd1 Rxd1 37. Rxa5 Ra1 38. Ra8 Ra2 39. a5 Kh7 40. a6 c5 41. a7 Ng6 42. Re8 Nc7 43. Rc8 Rxa7 44. Bxc5 Rb7 45. Ne3 Ne6 46. Bd4 Rf7 47. f3 Ngf4 48. Ng4 Rb7 49. Be3 Nd5 50. Bd2 Rb2 51. c4 Ndf4 52. Bxf4 Nxf4 53. Ne3 Rb1 54. Kg3 g5 55. h4 Re1 56. hxg5 Ne6 57. Ng4 Nxg5 58. Rc7+ Kg6 59. Rc6+ Kg7 60. Kf2 Rc1 61. Ne3 Nf7 62. c5 Ra1 63. Rc7 Kg6 64. c6 Ne5 65. f4 Nf7 66. Rd7 Ra6 67. c7 Rc6 68. Nd5 Rxc2+ 69. Kf3 Nh6 70. c8=Q Rxc8 71. Ne7+ 1-0


[Site "https://www.chess.com"]

[Event "Titled Tuesday Blitz June 6 Early 2023"]
[White "Andreikin, Dmitry"]
[Black "Gledura, Benjamin"]
[WhiteFideId "4158814"]
[BlackFideId "712779"]
[WhiteElo "2736"]
[BlackElo "2537"]
[Result "1-0"]
[Round "5"]
[TimeControl "180+2"]
[Date "2023.06.06"]
[WhiteClock "0:00:32"]
[BlackClock "0:00:03"]
[Board "6"]

1. d4 d5 2. c4 c6 3. Nc3 Nf6 4. e3 Bf5 5. Nf3 e6 6. Nh4 Be4 7. f3 Bg6 8. Nxg6 hxg6 9. Bd2 Nbd7 10. Qb3 Qc7 11. cxd5 exd5 12. O-O-O Qb6 13. Qc2 Be7 14. Kb1 Nf8 15. g4 Ne6 16. h4 g5 17. h5 O-O-O 18. Bd3 Kb8 19. Bf5 Nc7 20. Na4 Qa6 21. Bd3 b5 22. Nc5 Qb6 23. Nb3 Rc8 24. Rc1 Ne6 25. Bf5 Ne8 26. Bxe6 fxe6 27. Qg6 Rh6 28. Qf7 Bd6 29. Nc5 Bxc5 30. Rxc5 Rf6 31. Qg8 Qb7 32. e4 Nd6 33. Qxc8+ Nxc8 34. Rhc1 Rxf3 35. Rxc6 Ne7 36. Rxe6 Qd7 37. Re5 dxe4 38. Bxg5 Nd5 39. Rc5 Rf1+ 40. Kc2 Nb4+ 41. Kb3 Nc6 42. Rxb5+ Ka8 43. Red5 Nxd4+ 44. Kc4 Qc6+ 45. Kxd4 Rd1+ 46. Kxe4 Re1+ 47. Kd3 Rd1+ 48. Bd2 a6 49. Rd8+ Ka7 50. Rbd5 Qe6 51. R5d7+ 1-0


[Site "https://www.chess.com"]

[Event "Titled Tuesday Blitz June 6 Early 2023"]
[White "Bryakin, Mikhail"]
[Black "Hakobyan, Aram"]
[WhiteFideId "4165314"]
[BlackFideId "13306677"]
[WhiteElo "2464"]
[BlackElo "2584"]
[Result "0-1"]
[Round "5"]
[TimeControl "180+2"]
[Date "2023.06.06"]
[WhiteClock "0:00:08"]
[BlackClock "0:00:33"]
[Board "7"]

1. c4 g6 2. g3 Bg7 3. Bg2 Nf6 4. Nc3 d6 5. e4 c5 6. Nge2 Nc6 7. d3 O-O 8. O-O Rb8 9. h3 a6 10. Be3 b5 11. cxb5 axb5 12. d4 b4 13. Nd5 cxd4 14. Nxd4 Nxd4 15. Bxd4 e5 16. Nxf6+ Bxf6 17. Be3 Be6 18. a3 Qd7 19. Kh2 Rfc8 20. Qd2 b3 21. Rac1 h5 22. h4 Be7 23. Rxc8+ Rxc8 24. Rc1 Rc6 25. Rc3 Bd8 26. Rxc6 Qxc6 27. Bf3 Bb6 28. Bxb6 Qxb6 29. Kg2 Qc6 30. Qe2 Qc2 31. a4 Bc4 32. Qd1 Qxb2 33. Qxd6 Qa1 34. Qb8+ Kh7 35. Qa7 b2 36. Be2 b1=Q 37. Bxc4 Qh1# 0-1


[Site "https://www.chess.com"]

[Event "Titled Tuesday Blitz June 6 Early 2023"]
[White "Pranesh M"]
[Black "Hambleton, Aman"]
[WhiteFideId "35028600"]
[BlackFideId "2606577"]
[WhiteElo "2437"]
[BlackElo "2511"]
[Result "1/2-1/2"]
[Round "5"]
[TimeControl "180+2"]
[Date "2023.06.06"]
[WhiteClock "0:00:31"]
[BlackClock "0:00:05"]
[Board "8"]

1. e4 b6 2. d4 Bb7 3. Bd3 e6 4. Nd2 Nf6 5. Ngf3 d5 6. e5 Ne4 7. O-O Be7 8. c3 Nxd2 9. Bxd2 c5 10. h4 h6 11. h5 Qd7 12. a3 Ba6 13. Be3 Bxd3 14. Qxd3 Nc6 15. b4 cxd4 16. cxd4 O-O-O 17. Nd2 Kb7 18. Nb3 Rc8 19. Bd2 f6 20. f4 fxe5 21. fxe5 Bg5 22. b5 Ne7 23. Rf7 Bxd2 24. Qxd2 Qe8 25. Rxg7 Rc7 26. a4 Nf5 27. Rxc7+ Kxc7 28. Rc1+ Kb8 29. Rc6 Rg8 30. Qf4 Qxh5 31. Rxe6 Qd1+ 32. Qf1 Qxb3 33. Qxf5 Qe3+ 34. Qf2 Qc1+ 35. Kh2 Qg5 36. Rf6 Qh5+ 37. Kg1 Qd1+ 38. Kh2 Qh5+ 39. Kg1 Qd1+ 40. Qf1 Qxd4+ 41. Qf2 Qd1+ 42. Qf1 Qd4+ 43. Kh1 Qh4+ 44. Kg1 Qd4+ 1/2-1/2


[Site "https://www.chess.com"]